 Dungeon Crawl Stone Soup version 0.26-a0-1181-gd376ed14c5 (webtiles) character file.

Game seed: 13161205645268449949

197486 Arthanis the Pyromancer (level 18, -11/94 HPs)
             Began as a Deep Elf Fire Elementalist on Dec 26, 2020.
             Was the Champion of Vehumet.
             Mangled by an emperor scorpion (18 damage)
             ... on level 4 of the Spider Nest.
             The game lasted 01:54:37 (44949 turns).

Arthanis the Pyromancer (DEFE)                     Turns: 44949, Time: 01:54:38

Health: -11/94     AC: 14    Str:  7    XL:     18   Next: 18%
Magic:  0/42       EV: 19    Int: 39    God:    Vehumet [******]
Gold:   1160       SH:  9    Dex: 19    Spells: 4/54 levels left

rFire    + . .     SeeInvis +   G - +6 rapier "Hoigino" {elec, rPois rF- rC+ Dex+2}
rCold    . . .     Faith    .   E - +3 buckler {rF+}
rNeg     . . .     Spirit   .   v - +2 leather armour of Asoim {Int+4 Dex+2}
rPois    +         Reflect  .   O - +2 helmet {Int+3}
rElec    .         Harm     .   c - +2 cloak
rCorr    .         Rampage  +   r - +0 pair of gloves "Hoshruj" {Rampage Str+2}
Will     +....                  I - +2 pair of boots {Stlth+}
Stlth    +++.......             V - amulet of the acrobat
HPRegen  0.25/turn              X - ring of see invisible
MPRegen  0.28/turn              L - ring of Zaohatea {Fire Int+3}

@: no status effects
A: deformed body
a: Renounce Religion


You were on level 4 of the Spider Nest.
You worshipped Vehumet.
Vehumet was exalted by your worship.
You visited 5 branches of the dungeon, and saw 30 of its levels.
You also visited: Ossuary, Gauntlet and Volcano.

You collected 3415 gold pieces.
You spent 2255 gold pieces at shops.

Inventory:

Hand Weapons
 G - the +6 rapier "Hoigino" (weapon) {elec, rPois rF- rC+ Dex+2}
   (You found it on level 5 of the Dungeon)

   Occasionally, upon striking a foe, it can discharge electrical energy and
   cause terrible harm.
   It affects your dexterity (+2).
   It makes you vulnerable to fire.
   It protects you from cold.
   It protects you from poison.
Missiles
 f - 3 throwing nets
Armour
 c - a +2 cloak (worn)
 j - a scarf of invisibility
 n - the +0 leather armour of Uxyziowk {rF+ Will++ Str-2 Dex+8}
   (You found it on level 3 of the Elven Halls)

   It affects your strength (-2).
   It affects your dexterity (+8).
   It protects you from fire.
   It affects your willpower, your defense against some magical effects.
 r - the +0 pair of gloves "Hoshruj" (worn) {Rampage Str+2}
   (You acquired it on level 1 of the Lair of Beasts)

   It affects your strength (+2).
   It bestows one free step when moving towards enemies.
 v - the +2 leather armour of Asoim (worn) {Int+4 Dex+2}
   (You found it on level 13 of the Dungeon)

   It affects your intelligence (+4).
   It affects your dexterity (+2).
 x - the +1 hat of Ru's Generosity {rF++ rCorr Str+2}
   (You found it in a Gauntlet)

   It affects your strength (+2).
   It greatly protects you from fire.
   It provides partial protection from all sources of acid and corrosion.
 E - a +3 buckler of fire resistance (worn)
 I - a +2 pair of boots of stealth (worn)
 O - a +2 helmet of intelligence (worn)
Magical Staves
 T - an uncursed staff of fire
Jewellery
 m - a +6 ring of intelligence
 s - an uncursed ring of flight
 L - the ring of Zaohatea (right hand) {Fire Int+3}
   (You bought it in a shop on level 1 of the Elven Halls)

   [ring of fire]

   It enhances your fire magic.
   It affects your intelligence (+3).
   It protects you from fire.
   It makes you vulnerable to cold.
 U - an uncursed ring of wizardry
 V - an amulet of the acrobat (around neck)
 X - a ring of see invisible (left hand)
 Y - the ring of Ebbor {rElec rF+ rC+ Str+3 Dex+4}
   (You took it off a minotaur in a Gauntlet)

   [ring of protection from fire]

   It affects your strength (+3).
   It affects your dexterity (+4).
   It protects you from fire.
   It protects you from cold.
   It insulates you from electricity.
Wands
 d - a wand of enslavement (8)
 y - a wand of paralysis (15)
 B - a wand of iceblast (47)
 F - a wand of disintegration (34)
 N - a wand of acid (7)
 Z - a wand of digging (3)
Scrolls
 a - a scroll of summoning
 g - 10 scrolls of fear
 h - 8 scrolls of immolation
 i - 10 scrolls of amnesia
 p - 12 scrolls of teleportation
 q - 9 scrolls of blinking
 w - 9 scrolls of fog
 D - 18 scrolls of remove curse
 P - a scroll of holy word
 R - a scroll of magic mapping
 W - 3 scrolls of identify
Potions
 b - 6 potions of heal wounds
 e - 9 potions of curing
 k - 4 potions of cancellation
 l - a potion of invisibility
 o - 4 potions of resistance
 t - 3 potions of flight
 u - 2 potions of berserk rage
 z - 4 potions of attraction
 A - 2 potions of mutation
 C - 7 potions of lignification
 H - 4 potions of brilliance
 K - 14 potions of ambrosia
 M - a potion of magic
 Q - 7 potions of might
 S - 3 potions of haste
Miscellaneous
 J - a lightning rod (4/4)


   Skills:
 - Level 4.0 Fighting
 - Level 4.0 Armour
 - Level 10.0 Dodging
 - Level 3.0 Stealth
 - Level 4.0 Shields
 + Level 18.7 Spellcasting
 + Level 16.0 Conjurations
 * Level 21.7 Fire Magic
 - Level 10.1 Evocations


You had 4 spell levels left.
You knew the following spells:

 Your Spells              Type           Power        Failure   Level
a - Foxfire               Conj/Fire      100%         0%          1
b - Conjure Flame         Conj/Fire      100%         0%          3
c - Sticky Flame          Conj/Fire      100%         0%          4
d - Fireball              Conj/Fire      67%          0%          5
e - Magic Dart            Conj           100%         0%          1
f - Blink                 Tloc           N/A          1%          2
g - Fire Storm            Conj/Fire      67%          13%         9
h - Bolt of Magma         Conj/Fire/Erth 58%          1%          5
i - Ignition              Fire           71%          1%          8
k - Iskenderun's Battles  Conj           100%         1%          5
l - Spellforged Servitor  Conj/Summ      39%          10%         7

Your spell library contained the following spells:

 Spells                   Type           Power        Failure   Level
 Chain Lightning          Conj/Air       39%          54%         8
 Absolute Zero            Ice            18%          100%        9
 Apportation              Tloc           72%          1%          1
 Beastly Appendage        Tmut           72%          1%          1
 Pain                     Necr           100%         1%          1
 Call Imp                 Summ           36%          1%          2
 Corpse Rot               Necr/Air       N/A          1%          2
 Slow                     Hex            36%          1%          2
 Wereblood                Tmut           36%          1%          2
 Inner Flame              Hex/Fire       100%         1%          3
 Mephitic Cloud           Conj/Pois/Air  68%          1%          3
 Static Discharge         Conj/Air       78%          1%          3
 Stone Arrow              Conj/Erth      100%         1%          3
 Fulminant Prism          Conj/Hex       39%          1%          4
 Iskenderun's Mystic Bla  Conj/Tloc      78%          1%          4
 Gell's Gravitas          Tloc           18%          3%          3
 Lesser Beckoning         Tloc           18%          3%          3
 Spider Form              Tmut/Pois      18%          3%          3
 Teleport Other           Tloc           36%          3%          3
 Tukima's Dance           Hex            36%          3%          3
 Animate Dead             Necr           18%          11%         4
 Ice Form                 Ice/Tmut       36%          11%         4
 Passage of Golubria      Tloc           N/A          11%         4
 Lightning Bolt           Conj/Air       39%          1%          5
 Alistair's Intoxication  Tmut/Pois      24%          30%         5
 Blade Hands              Tmut           18%          30%         5
 Borgnjor's Vile Clutch   Necr/Erth      18%          30%         5
 Metabolic Englaciation   Hex/Ice        18%          30%         5
 Summon Demon             Summ           18%          30%         5
 Summon Forest            Summ/Tloc      18%          30%         5
 Summon Mana Viper        Hex/Summ       36%          30%         5
 Death Channel            Necr           18%          86%         6
 Eringya's Noxious Bog    Tmut/Pois      18%          86%         6
 Hydra Form               Tmut           18%          86%         6
 Invisibility             Hex            36%          86%         6
 Shadow Creatures         Summ           N/A          86%         6
 Simulacrum               Ice/Necr       18%          86%         6
 Summon Hydra             Summ           18%          100%        7
 Shatter                  Erth           18%          100%        9
 Tornado                  Air            18%          100%        9


Dungeon Overview and Level Annotations

Branches:
Dungeon (15/15)            Temple (0/1) D:6            Lair (6/6) D:8
 Shoals (0/4) Lair:2       Spider (4/4) Lair:2        Slime (0/5) Lair:6
    Orc (2/2) D:10            Elf (3/3) Orc:2        Vaults (0/5) D:14
 Depths (0/5) D:15        Ossuary (visited)         Volcano (visited)
Gauntlet (visited)

Altars:
Ashenzari
Dithmenos
Elyvilon
Fedhas
Kikubaaqudgha
Nemelex Xobeh
Okawaru
Qazlal
Ru
Sif Muna
Trog
Uskayaw
Vehumet
Xom
Zin
Beogh
Jiyva

Shops:
Orc:2 [(:}   Elf:1 ?=(   Elf:2 [   Elf:3 *=

Annotations:
Lair:4 1 runed translucent door, raph's ghost, journeyman GrEE
Elf:2 3 runed translucent doors
Elf:3 3 runed translucent doors, Noname's ghost, adept DEFE


Innate Abilities, Weirdness & Mutations

Armour fits poorly on your strangely shaped body.


Message History

Confirm with . or Enter, or press ? or * to list all spells.
Aiming: Magic Dart (safe; 0% risk of failure)
Press: ? - help, Shift-Dir - straight line, f/p - emperor scorpion
Aim: an emperor scorpion (severely wounded, 0% to evade)
The magic dart hits the emperor scorpion but does no damage.
The emperor scorpion is severely wounded.
The emperor scorpion stings you!
* * * LOW HITPOINT WARNING * * *
The emperor scorpion claws you but does no damage.
The emperor scorpion claws you!
* * * LOW HITPOINT WARNING * * *
Casting: Magic Dart (safe; 0% risk of failure)
Confirm with . or Enter, or press ? or * to list all spells.
Aiming: Magic Dart (safe; 0% risk of failure)
Press: ? - help, Shift-Dir - straight line, f/p - emperor scorpion
Aim: an emperor scorpion (severely wounded, 0% to evade)
The magic dart hits the emperor scorpion.
The emperor scorpion is severely wounded.
The emperor scorpion stings you!!
You die...

###### ##.○^≈#
##...≈.##
##...≈.@.#
#......s^#
#....###.##
#..†.#.#≈.##
#.≈.##≈#..^#
#.≈.#....≈.#
#^≈.#.....≈##
#...#...^...#
##..##.≈≈..≈.#


You could see an emperor scorpion.

Vanquished Creatures
  2 deep elf blademasters (Elf:3)
  2 deep elf master archers (Elf:3)
  3 ghost moths (Spider:4)
  7 emperor scorpions
  5 deep elf sorcerers (Elf:3)
  A deep elf elementalist (Elf:3)
  A stone giant (Orc:2)
  A dire elephant (Lair:6)
  3 deep elf demonologists (Elf:3)
  3 entropy weavers
  A minotaur (Gauntlet)
  A spark wasp (Spider:3)
  7 deep elf annihilators (Elf:3)
  Snorg (Orc:1)
  5 deep elf death magi (Elf:3)
  2 deep elf high priests (Elf:3)
  4 vault guards (D:14)
  4 boulder beetles
  A yaktaur captain (D:15)
  A rakshasa (D:14)
  6 hydras
  3 centaur warriors
  4 catoblepae
  A death knight (D:14)
  7 two-headed ogres
  18 dancing weapons
  A deep troll shaman (Lair:6)
  4 death yaks (Lair:6)
  2 tengu warriors (D:13)
  8 orc high priests
  14 deep elf knights
  A hell knight (Volcano)
  Sonja (Lair:3)
  5 unseen horrors
  12 deep elf archers
  2 obsidian statues
  An orange crystal statue (Elf:2)
  3 orc knights
  An oklob plant (Lair:3)
  10 orb spiders
  21 wolf spiders
  A manticore (D:14)
  38 deep elf magi
  A faun (Lair:3)
  19 ugly things
  A salamander (shapeshifter) (D:15)
  4 cyclopes
  2 moths of wrath
  7 elephants (Lair:6)
  A torpor snail (Spider:2)
  3 black mambas
  A gargoyle (Gauntlet)
  An apocalypse crab (Gauntlet)
  10 cane toads
  2 rime drakes
  9 demonic crawlers
  An efreet (D:14)
  9 komodo dragons
  A redback zombie (D:15)
  3 yaktaurs
  2 queen bees
  2 tengu conjurers
  29 jumping spiders
  6 meliai
  A troll (shapeshifter) (Elf:1)
  3 polar bears
  4 trolls
  Grinder (D:5)
  A hornet (shapeshifter) (D:15)
  A dream sheep (shapeshifter) (Elf:1)
  2 hornets (Spider:3)
  A dream sheep (Lair:3)
  A snapping turtle (Lair:2)
  5 wyverns
  4 water elementals
  13 tarantellas
  8 air elementals
  A centaur simulacrum (D:14)
  57 redbacks
  3 basilisks
  2 shadows (D:10)
  A wraith (D:10)
  40 yaks
  2 fire elementals
  4 fire bats (Volcano)
  A golden eye (shapeshifter) (D:15)
  2 steam dragons
  2 vampire mosquitoes (D:12)
  Menkaure (D:4)
  4 wargs (Orc:2)
  3 acid dragons
  A soldier ant (D:13)
  2 hell hounds (Lair:5)
  8 water moccasins
  A hornet zombie (D:12)
  20 orc warriors
  10 ice beasts
  A sky beast (D:6)
  6 black bears
  2 eyes of draining
  3 necrophages
  4 phantoms
  47 wolves
  10 ogres
  8 centaurs
  A big kobold (D:13)
  Blork the orc (D:5)
  7 earth elementals
  17 bullfrogs
  A gnoll sergeant (D:7)
  A water moccasin zombie (D:7)
  A wyvern skeleton (D:15)
  4 scorpions
  A troll zombie (D:10)
  4 jellies
  26 killer bees
  5 howler monkeys
  22 wights
  3 electric eels
  3 centaur zombies
  11 hounds
  2 quasits
  3 bullfrog zombies
  6 lava snakes (Volcano)
  A wyvern simulacrum (D:14)
  43 orc priests
  3 bullfrog skeletons
  24 orc wizards
  Ijyb (D:5)
  6 centaur skeletons
  5 iguanas
  5 worker ants
  2 hell rats (Lair:6)
  5 ogre zombies (D:10)
  A hound zombie (Ossuary)
  A hound skeleton (D:6)
  16 mummies (Ossuary)
  3 worker ant zombies
  8 gnolls
  17 adders
  8 river rats (Lair:6)
  6 white imps
  5 ufetubi
  An ooze (D:3)
  An adder skeleton (D:5)
  6 worms
  2 dart slugs
  3 leopard geckos
  101 orcs
  2 ball pythons
  7 giant cockroaches
  9 goblins
  A hobgoblin (D:3)
  10 jackals
  12 kobolds
  2 quokkas
  10 bats
  4 frilled lizards
  A giant cockroach zombie (Ossuary)
  2 goblin skeletons (D:10)
  2 goblin zombies (D:10)
  4 hobgoblin zombies (D:10)
  2 leopard gecko zombies
  11 orc zombies (D:10)
  A quokka zombie (D:5)
  7 rats
  2 bushes
  2 crawling corpses (Elf:3)
  A fire vortex (Elf:3)
1109 creatures vanquished.

Vanquished Creatures (collateral kills)
  18 foxfires
18 creatures vanquished.

Vanquished Creatures (others)
  2 water elementals
  2586 foxfires
  26 fungi
  39 plants
  9 withered plants (Ossuary)
2662 creatures vanquished.

Grand Total: 3789 creatures vanquished

Notes
Turn   | Place    | Note
-------+----------+-------------------------------------------
     0 | D:1      | Arthanis the Deep Elf Fire Elementalist began the quest for
                  | the Orb.
     0 | D:1      | Reached XP level 1. HP: 10/10 MP: 6/6
   389 | D:1      | Reached XP level 2. HP: 15/15 MP: 5/8
   536 | D:1      | You fall into a shaft and drop 1 floor!
   536 | D:2      | Found a glowing silver altar of Zin.
   537 | D:2      | Noticed an angel
  1234 | D:2      | Noticed an ogre
  1240 | D:2      | Killed an ogre
  1241 | D:2      | Reached skill level 4 in Fire Magic
  1241 | D:2      | Reached XP level 3. HP: 19/19 MP: 2/10
  1241 | D:2      | Reached XP level 4. HP: 24/24 MP: 2/12
  1249 | D:2      | Learned a level 3 spell: Conjure Flame
  1254 | D:2      | Learned a level 4 spell: Sticky Flame
  1492 | D:2      | Found a broken altar of Ashenzari.
  1492 | D:2      | Found a shimmering altar of Xom.
  1684 | D:2      | Reached skill level 5 in Fire Magic
  2007 | D:2      | Reached XP level 5. HP: 27/28 MP: 5/13
  2293 | D:3      | Found a sacrificial altar of Ru.
  2898 | D:3      | Reached XP level 6. HP: 32/32 MP: 2/15
  2904 | D:3      | Learned a level 5 spell: Fireball
  3483 | D:3      | Found a sparkling altar of Nemelex Xobeh.
  3801 | D:4      | Reached skill level 5 in Spellcasting
  3845 | D:4      | Reached skill level 6 in Fire Magic
  4584 | D:4      | Reached XP level 7. HP: 36/36 MP: 12/17
  4662 | D:4      | Noticed Menkaure
  4667 | D:4      | Killed Menkaure
  4668 | D:4      | Reached skill level 7 in Fire Magic
  4866 | D:4      | Found a hide-covered altar of Uskayaw.
  4896 | D:4      | Found an ancient bone altar of Kikubaaqudgha.
  4897 | D:4      | Found a radiant altar of Vehumet.
  4899 | D:4      | Found a shimmering blue altar of Sif Muna.
  4906 | D:4      | Became a worshipper of Vehumet
  4915 | D:4      | Identified Kikubaaqudgha's Handbook of Unholy Rites
  5039 | D:5      | Entered Level 5 of the Dungeon
  5043 | D:5      | Noticed Blork the orc
  5048 | D:5      | Killed Blork the orc
  5132 | D:5      | Noticed Grinder
  5135 | D:5      | Found a shadowy altar of Dithmenos.
  5136 | D:5      | Paralysed by Grinder for 4 turns
  5143 | D:5      | Paralysed by Grinder for 5 turns
  5153 | D:5      | Killed Grinder
  5228 | D:5      | Got a pitted rapier
  5229 | D:5      | Identified the +6 rapier "Hoigino" {elec, rPois rF- rC+
                  | Dex+2} (You found it on level 5 of the Dungeon)
  5230 | D:5      | Noticed Ijyb
  5235 | D:5      | Killed Ijyb
  5236 | D:5      | Reached skill level 5 in Conjurations
  5339 | D:5      | Reached XP level 8. HP: 41/41 MP: 13/20
  5382 | D:5      | Found a radiant altar of Vehumet.
  5389 | D:5      | Reached skill level 8 in Fire Magic
  5514 | D:4      | Reached skill level 1 in Evocations
  5695 | D:5      | You fall into a shaft and drop 1 floor!
  6657 | D:6      | Reached skill level 9 in Fire Magic
  6703 | D:6      | Reached * piety under Vehumet
  6703 | D:6      | Offered knowledge of Freeze by Vehumet.
  6965 | D:6      | Found a white marble altar of Elyvilon.
  7210 | D:6      | Found a staircase to the Ecumenical Temple.
  7380 | D:7      | Reached XP level 9. HP: 42/45 MP: 5/23
  7803 | D:7      | Reached skill level 10 in Fire Magic
  8221 | D:7      | Found an iron altar of Okawaru.
  8308 | D:7      | Found a blossoming altar of Fedhas.
  8858 | D:7      | Noticed a moth of wrath
  8861 | D:7      | Found a bloodstained altar of Trog.
  9075 | D:8      | Offered knowledge of Magic Dart by Vehumet.
  9078 | D:8      | Learned a level 1 spell: Magic Dart
  9088 | D:8      | Reached ** piety under Vehumet
  9090 | D:8      | Found a staircase to the Lair.
  9176 | D:8      | Noticed a two-headed ogre
  9273 | D:8      | Reached skill level 11 in Fire Magic
  9348 | D:8      | Found a sand-covered staircase.
  9368 | Ossuary  | Entered an ossuary
  9726 | Ossuary  | Reached XP level 10. HP: 46/50 MP: 15/25
  9801 | Ossuary  | Offered knowledge of Frozen Ramparts by Vehumet.
 10152 | D:8      | Killed a two-headed ogre
 10153 | D:8      | Reached skill level 1 in Fighting
 10219 | D:8      | Reached skill level 10 in Spellcasting
 11223 | D:9      | Identified the Reference Book on Dislocation and
                  | Bewitchment
 11228 | D:9      | Learned a level 2 spell: Blink
 11348 | D:9      | Noticed a seven-headed hydra
 11366 | D:9      | Killed a seven-headed hydra
 11367 | D:9      | Reached skill level 12 in Fire Magic
 11739 | D:9      | Reached *** piety under Vehumet
 12080 | D:10     | Entered Level 10 of the Dungeon
 12389 | D:10     | You fall into a shaft and drop 2 floors!
 12392 | D:12     | Noticed a two-headed ogre
 12406 | D:12     | Noticed a cyan ugly thing
 12406 | D:12     | Noticed a four-headed hydra
 12451 | D:12     | Found a stormy altar of Qazlal.
 12451 | D:12     | Noticed a two-headed ogre
 12560 | D:12     | Killed a cyan ugly thing
 12561 | D:12     | Reached XP level 11. HP: 33/57 MP: 16/28
 12666 | D:12     | Offered knowledge of Iskenderun's Mystic Blast by Vehumet.
 12667 | D:12     | Reached skill level 13 in Fire Magic
 12857 | D:12     | Noticed a red ugly thing
 13171 | D:12     | Noticed an unseen horror
 13173 | D:12     | Killed an unseen horror
 13187 | D:12     | Killed a two-headed ogre
 13191 | D:12     | Killed a four-headed hydra
 13366 | D:12     | Killed a two-headed ogre
 13485 | D:12     | Killed an unseen horror
 13728 | D:12     | Killed a red ugly thing
 14150 | D:10     | Learned a level 4 spell: Iskenderun's Mystic Blast
 14174 | D:10     | Found a staircase to the Orcish Mines.
 14349 | D:10     | Reached **** piety under Vehumet
 14524 | D:10     | Offered knowledge of Bolt of Magma by Vehumet.
 14531 | D:10     | Reached skill level 14 in Fire Magic
 14541 | D:10     | Learned a level 5 spell: Bolt of Magma
 14711 | D:10     | Reached skill level 10 in Conjurations
 15648 | D:11     | Noticed a boulder beetle
 15779 | D:10     | Killed a boulder beetle
 16035 | D:11     | Noticed a cyan ugly thing
 16045 | D:11     | Killed a cyan ugly thing
 16165 | D:11     | Reached ***** piety under Vehumet
 16165 | D:11     | Offered knowledge of Lee's Rapid Deconstruction by Vehumet.
 16181 | D:11     | Reached skill level 1 in Shields
 16181 | D:11     | Reached XP level 12. HP: 51/62 MP: 20/30
 17202 | D:11     | Noticed a five-headed hydra
 17206 | D:11     | Killed a five-headed hydra
 17207 | D:11     | Reached skill level 5 in Dodging
 17618 | D:12     | Reached skill level 5 in Evocations
 18104 | D:12     | Noticed a catoblepas
 18117 | D:12     | Killed a catoblepas
 18216 | D:12     | HP: 2/62 [earth elemental (32)]
 18658 | D:13     | Noticed a tengu warrior
 18818 | D:13     | Noticed a two-headed ogre
 18830 | D:13     | Killed a two-headed ogre
 18907 | D:13     | Killed a tengu warrior
 18926 | D:13     | Got a slimy leather armour
 18937 | D:13     | Identified the +2 leather armour of Asoim {Int+4 Dex+2}
                  | (You found it on level 13 of the Dungeon)
 18979 | D:13     | Noticed a tengu warrior
 18982 | D:13     | Killed a tengu warrior
 19204 | D:13     | Reached skill level 1 in Armour
 19304 | D:13     | Offered knowledge of Airstrike by Vehumet.
 19668 | D:13     | Noticed a centaur warrior
 19671 | D:13     | Killed a centaur warrior
 20022 | D:14     | Noticed a rakshasa
 20031 | D:13     | Reached XP level 13. HP: 52/70 MP: 18/31
 20104 | D:14     | Reached skill level 15 in Fire Magic
 20371 | Orc:1    | Entered Level 1 of the Orcish Mines
 20568 | Orc:1    | Noticed Snorg
 20576 | Orc:1    | Killed Snorg
 21014 | Orc:2    | Entered Level 2 of the Orcish Mines
 21238 | Orc:2    | Noticed a stone giant
 22992 | Orc:2    | Killed a stone giant
 22993 | Orc:2    | Reached skill level 16 in Fire Magic
 22998 | Orc:2    | Offered knowledge of Lightning Bolt by Vehumet.
 23497 | Orc:2    | Found a roughly hewn altar of Beogh.
 23532 | Orc:2    | Found Vuuw's Gadget Emporium.
 23532 | Orc:2    | Found Dioj's Book Boutique.
 23654 | Orc:2    | Found a staircase to the Elven Halls.
 23697 | Orc:2    | Found Fowkif's Weapon Emporium.
 23697 | Orc:2    | Found Vyonatz's Antique Armour Boutique.
 23711 | Orc:2    | Bought a glowing robe for 88 gold pieces
 23711 | Orc:2    | Bought a runed helmet for 180 gold pieces
 23713 | Orc:2    | Identified 2 scrolls of acquirement
 23803 | Orc:2    | Bought a book of the Tempests for 1190 gold pieces
 23823 | Orc:2    | Learned a level 8 spell: Ignition
 23924 | Lair:1   | Entered Level 1 of the Lair of Beasts
 24436 | Lair:1   | Learned a level 3 spell: Mephitic Cloud
 24944 | Lair:1   | Acquired the +0 pair of gloves "Hoshruj" {Rampage Str+2}
 24959 | Lair:1   | Acquired a scarf of invisibility
 25612 | Lair:2   | Found a staircase to the Shoals.
 25706 | Lair:2   | Found a hole to the Spider Nest.
 25972 | Lair:3   | Reached XP level 14. HP: 76/76 MP: 28/34
 26187 | Lair:3   | Noticed Sonja
 26189 | Lair:3   | Killed Sonja
 26296 | Lair:3   | Offered knowledge of Conjure Ball Lightning by Vehumet.
 27007 | Lair:4   | Found a gate leading to a gauntlet.
 27029 | Gauntlet | Entered a Gauntlet
 27029 | Gauntlet | Found a transporter.
 27049 | Gauntlet | Found a transporter.
 27049 | Gauntlet | Found a transporter.
 27054 | Gauntlet | Got a transparent hat
 27073 | Gauntlet | Identified the +1 hat of Ru's Generosity {rF++ rCorr Str+2}
                  | (You found it in a Gauntlet)
 27096 | Gauntlet | Found a transporter.
 27096 | Gauntlet | Found a transporter.
 27096 | Gauntlet | Found a transporter.
 27119 | Gauntlet | Got a faintly glowing marble ring
 27128 | Gauntlet | Found a transporter.
 27202 | Gauntlet | Identified the ring of Ebbor {rElec rF+ rC+ Str+3 Dex+4}
 27242 | Gauntlet | Got a transparent glass ring
 27327 | Lair:4   | Identified the ring "Hyikkem" {+Inv rC+ rN+ MP-9} (You
                  | found it in a Gauntlet)
 27329 | Lair:4   | Identified the ring of the Tuna {*Tele rN++} (You found it
                  | in a Gauntlet)
 27548 | Lair:4   | Found a runed translucent door.
 27548 | Lair:4   | Found a shimmering altar of Xom.
 27548 | Lair:4   | Noticed raph's ghost (journeyman GrEE)
 28512 | Lair:5   | Found a dark tunnel.
 28545 | Volcano  | Entered a volcano
 28760 | Volcano  | Reached skill level 17 in Fire Magic
 29114 | Volcano  | Found a burning altar of Makhleb.
 29580 | Lair:6   | Entered Level 6 of the Lair of Beasts
 29580 | Lair:6   | Found a staircase to the Slime Pits.
 30329 | Lair:6   | Found a viscous altar of Jiyva.
 30986 | Lair:6   | Reached skill level 15 in Spellcasting
 31007 | Lair:6   | Reached ****** piety under Vehumet
 31692 | Elf:1    | Entered Level 1 of the Elven Halls
 31695 | Elf:1    | Reached XP level 15. HP: 80/80 MP: 30/36
 31839 | Elf:1    | Found Weofuoc's Magic Scroll Emporium.
 31919 | Elf:1    | Found Oryuproh's Jewellery Shoppe.
 31921 | Elf:1    | Found Zyesug's Antique Weapon Emporium.
 31925 | Elf:1    | Bought a scroll of identify for 20 gold pieces
 31925 | Elf:1    | Bought a scroll of identify for 20 gold pieces
 31925 | Elf:1    | Bought a scroll of vulnerability for 75 gold pieces
 31925 | Elf:1    | Bought a scroll of immolation for 35 gold pieces
 31925 | Elf:1    | Bought a scroll of magic mapping for 35 gold pieces
 31936 | Elf:1    | Bought the ring of Zaohatea {Fire Int+3} for 612 gold
                  | pieces
 32103 | Elf:1    | Offered knowledge of Iskenderun's Battlesphere by Vehumet.
 32110 | Elf:1    | Learned a level 5 spell: Iskenderun's Battlesphere
 32205 | Elf:1    | Reached skill level 18 in Fire Magic
 34044 | Elf:2    | Found Laulyhut's Armour Shop.
 34883 | Elf:2    | Found a runed translucent gate.
 34883 | Elf:2    | Found a runed translucent gate.
 34884 | Elf:2    | Found a runed translucent gate.
 35040 | Elf:2    | Reached skill level 19 in Fire Magic
 35344 | Elf:2    | Reached XP level 16. HP: 84/84 MP: 30/38
 35504 | Elf:3    | Entered Level 3 of the Elven Halls
 35504 | Elf:3    | Found a runed translucent gate.
 35504 | Elf:3    | Found a runed translucent gate.
 35504 | Elf:3    | Found a runed translucent gate.
 35504 | Elf:3    | Noticed Noname's ghost (adept DEFE)
 35517 | Elf:3    | Found Hirochy's Elven Fire.
 35811 | Elf:3    | Offered knowledge of Spellforged Servitor by Vehumet.
 35823 | Elf:3    | Found Muadi's Jewellery Shop.
 35837 | Elf:3    | Learned a level 7 spell: Spellforged Servitor
 36208 | Elf:3    | Got a shimmering leather armour
 36219 | Elf:3    | Identified the cursed +0 leather armour of Uxyziowk {rF+
                  | Will++ Str-2 Dex+8} (You found it on level 3 of the Elven
                  | Halls)
 36773 | Elf:3    | Noticed a deep elf blademaster
 36780 | Elf:3    | Killed a deep elf blademaster
 37065 | Elf:3    | Noticed a deep elf master archer
 37069 | Elf:3    | Killed a deep elf master archer
 37071 | Elf:3    | Noticed a deep elf blademaster
 37074 | Elf:3    | Killed a deep elf blademaster
 37317 | Elf:3    | Identified the cursed +1 flail of Impermanence {venom,
                  | Int+4}
 37322 | Elf:3    | Noticed a deep elf master archer
 37584 | Elf:3    | Killed a deep elf master archer
 37838 | Elf:3    | Got a steaming falchion
 37839 | Elf:3    | Identified the +5 falchion of the Evil Eye {vorpal, *Contam
                  | rN+ Dex+7} (You found it on level 3 of the Elven Halls)
 37843 | Elf:3    | Gained mutation: Armour fits poorly on your strangely
                  | shaped body. [mutagenic glow]
 38147 | D:13     | Reached skill level 10 in Evocations
 38427 | D:14     | Reached skill level 20 in Fire Magic
 38446 | D:14     | Reached skill level 10 in Dodging
 38909 | D:14     | Reached XP level 17. HP: 88/88 MP: 15/40
 39219 | D:14     | Found a gate to the Vaults.
 39272 | D:14     | Offered knowledge of Starburst by Vehumet.
 39782 | D:14     | Got a smoking helmet
 39793 | D:14     | Identified the -3 helmet "Cedor" {rElec Slay+3} (You found
                  | it on level 14 of the Dungeon)
 40183 | D:15     | Entered Level 15 of the Dungeon
 40746 | D:15     | Reached skill level 15 in Conjurations
 40814 | D:15     | Found a staircase to the Depths.
 41803 | Spider:1 | Entered Level 1 of the Spider Nest
 41941 | Spider:2 | Offered knowledge of Fire Storm by Vehumet.
 41941 | Spider:2 | Offered knowledge of Chain Lightning by Vehumet.
 41941 | Spider:2 | Offered knowledge of Absolute Zero by Vehumet.
 41975 | Spider:2 | Learned a level 9 spell: Fire Storm
 42766 | Spider:2 | Reached skill level 21 in Fire Magic
 42971 | Spider:4 | Entered Level 4 of the Spider Nest
 44150 | Spider:4 | Reached XP level 18. HP: 89/94 MP: 19/42
 44949 | Spider:4 | Mangled by an emperor scorpion

Illustrated notes

Levels and vault maps discovered:
D:1:      dpeg_arrival_stonehenge_8_columns, layout_basic, minmay_crystal_room
D:2:      layout_loops_ring, zin_angel, gammafunk_temple_overflow_statue
D:3:      layout_basic, nicolae_overflow_crystal_walls, nemelex_altar_shiori
D:4:      layout_cave_pods, grunt_temple_overflow_magic_moments,
          kennysheep_mini, minivault_14, uniq_menkaure
D:5:      layout_rooms, nicolae_dithmenos_through_a_glass_darkly, basic_altar,
          wad_woods_river_04, minmay_fractal_squares_diagonal_5, uniq_grinder,
          uniq_blork_the_orc, uniq_ijyb
D:6:      layout_gridville, general_overflow_altar, minmay_temple_entry_poolview
D:7:      layout_layer_cave, kennysheep_little_box, tgw_trog,
          fedhas_bush_and_centaur_altar
D:8:      minmay_weird_star, layout_basic, enter_ossuary_2, minmay_small_thing
D:9:      layout_loops_ring, minmay_misc_feat_room
D:10:     layout_loops_corners, zombieorc1_lemuel
D:11:     layout_loops_ring
D:12:     layout_basic, basic_altar, grunt_ministairs_6,
          hangedman_cracks_in_the_wall
D:13:     layout_basic, special_room [special_room_bee]
D:14:     layout_layer_cave, lightli_vaults_fourway_checkpoint, serial_ice,
          serial_ice_b, serial_ice_d, serial_ice_k, serial_ice_m, serial_ice_f,
          serial_ice_a, serial_ice_h, serial_ice_e, kennysheep_nub
D:15:     grunt_enter_depths_snipers, layout_long_grid, small_statue_alley_a,
          lemuel_freeze_loot_1
Lair:1:   layout_cave_pods, minivault_26, grunt_forest_small_clearing_treed
Lair:2:   layout_hall_layers, minmay_shoals_entry_hut, spider_nest_entry_a
Lair:3:   layout_concentric_octagons, grunt_forest_large_clearings,
          grunt_megastairs_3, infiniplex_staircase_pool_2,
          minmay_lair_oklob_chamber, uniq_sonja
Lair:4:   layout_cave_shapes, ebering_ghost_xom, gauntlet_entry_generic
Lair:5:   layout_cave_pods, enter_volcano_3
Lair:6:   grunt_lair_end_beastmaster, layout_loops_ring, slime_altar_1,
          kennysheep_rathole
Spider:1: layout_chambers, spiders_nest_spider_trap
Spider:2: layout_chambers, uniq_arachne
Spider:3: layout_spider_delve, nicolae_spider_cling_halls
Spider:4: grunt_spider_rune_circles
Orc:1:    layout_caves, uniq_snorg
Orc:2:    st_orc_town, layout_caves
Elf:1:    layout_loops_corners, evilmike_minifort, kb_rosetta, minmay_shop_star
Elf:2:    layout_geoelf_grid, serial_shops, shop, grunt_ministairs_10,
          fountainhead, david_greed
Elf:3:    elf_hall_gauntlet_narrow, layout_loops_cross, gammafunk_ghost_split,
          serial_shops, shop_fountains, hangedman_glass_teeth, guppyfry_elf_lava

Skill      XL: |  1  2  3  4  5  6  7  8  9 10 11 12 13 14 15 16 17 18 |
---------------+-------------------------------------------------------+-----
Spellcasting   | 4 5 6 8 9 11 12 14 15 16 17 18 | 18.7
Conjurations   | 2 3 4 5 6 7 9 10 11 12 13 14 15 16 | 16.0
Fire Magic     | 4 5 6 7 9 11 12 14 16 17 19 20 21 | 21.7
Evocations     | 2 4 6 8 10 | 10.1
Fighting       | 2 4 |  4.0
Dodging        | 3 4 6 8 10 | 10.0
Stealth        | 3 |  3.0
Shields        | 1 4 |  4.0
Armour         | 2 4 |  4.0

Action                   |  1- 3 |  4- 6 |  7- 9 | 10-12 | 13-15 | 16-18 || total
-------------------------+-------+-------+-------+-------+-------+-------++-------
Melee: Short sword       |       |     2 |       |       |       |       ||     2
       Rapier            |       |       |    12 |    52 |    57 |    27 ||   148
       Spear             |       |       |       |       |     3 |       ||     3
 Cast: Foxfire           |    43 |   187 |   360 |   488 |   449 |    41 ||  1568
       Sticky Flame      |       |     1 |    14 |    60 |    80 |    35 ||   190
       Conjure Flame     |       |       |     5 |    11 |     1 |     2 ||    19
       Fireball          |       |       |     1 |    95 |   220 |   252 ||   568
       Bolt of Magma     |       |       |       |    25 |    61 |    12 ||    98
       Blink             |       |       |       |       |     4 |     6 ||    10
       Ignition          |       |       |       |       |    13 |    20 ||    33
       Mephitic Cloud    |       |       |       |       |     1 |       ||     1
       Iskenderun's Myst |       |       |       |       |     1 |       ||     1
       Magic Dart        |       |       |       |       |    28 |   115 ||   143
       Iskenderun's Batt |       |       |       |       |    19 |    49 ||    68
 Abil: Evoke Invisibilit |       |       |       |       |     1 |       ||     1
Evoke: Wand              |       |       |       |    10 |    10 |     5 ||    25
  Use: Scroll            |       |       |     9 |    12 |    24 |    17 ||    62
       Potion            |       |       |       |     3 |     2 |     3 ||     8
 Stab: Paralysed         |       |       |       |     6 |       |     3 ||     9
       Petrified         |       |       |       |     2 |       |       ||     2
       Sleeping          |       |       |       |     2 |       |       ||     2
Armor: Robe              |     4 |     7 |    21 |    31 |       |       ||    63
       Leather armour    |       |       |       |     1 |    39 |    40 ||    80
Dodge: Dodged            |     1 |    11 |    82 |   102 |   129 |   154 ||   479
Block: Buckler           |       |       |       |    12 |    66 |    76 ||   154

Table legend: (Time is in decaauts)
 A = Elapsed time spent in this place.
 B = Non-inter-level travel time spent in this place.
 C = Inter-level travel time spent in this place.
 D = Time resting spent in this place.
 E = Time spent auto-exploring this place.
 F = Levels seen in this place.
 G = Mean time per level.
                   A        B        C        D        E       F      G
               +--------+--------+--------+--------+--------+-----+--------+
         Total |  45060 |  43104 |   1956 |   4911 |  29965 |  33 | 1365.5 |
       Dungeon |  23852 |  22648 |   1204 |   1632 |  17589 |  15 | 1590.1 |
          Lair |   6747 |   6392 |    355 |      0 |   5214 |   6 | 1124.5 |
   Spider Nest |   3158 |   3138 |     20 |   1226 |    834 |   4 |  789.5 |
  Orcish Mines |   3428 |   3302 |    126 |    990 |   1545 |   2 | 1714.0 |
   Elven Halls |   6185 |   5936 |    249 |    702 |   4067 |   3 | 2061.7 |
       Ossuary |    743 |    743 |      0 |    160 |    396 |   1 |  743.0 |
       Volcano |    662 |    662 |      0 |    107 |    318 |   1 |  662.0 |
      Gauntlet |    281 |    281 |      0 |     94 |      0 |   1 |  281.0 |
               +--------+--------+--------+--------+--------+-----+--------+

Top non-repeatable levels by time:
    D:12: 3003 daAuts
    D:10: 2562 daAuts
   Elf:3: 2352 daAuts
   Elf:1: 2285 daAuts
  Lair:6: 1932 daAuts
    D:13: 1924 daAuts
    D:14: 1822 daAuts
   Orc:2: 1774 daAuts
     D:7: 1763 daAuts
   Orc:1: 1654 daAuts
   Elf:2: 1547 daAuts
     D:3: 1510 daAuts
    D:15: 1469 daAuts
    D:11: 1397 daAuts
     D:9: 1331 daAuts
